 Dungeon Crawl Stone Soup version 0.31-a0-236-g9a0961fb85 (webtiles) character file.

Game seed: 2383200539827940841

152 qw the Shooter (level 5, -3/30 HPs)
             Began as a Gargoyle Hexslinger on July 9, 2023.
             Was an Initiate of Okawaru.
             Slain by a hobgoblin (4 damage)
             ... on level 4 of the Dungeon.
             The game lasted 00:01:09 (1969 turns).

qw the Shooter (Gargoyle Hexslinger)                Turns: 1969, Time: 00:01:09

Health: -3/30      AC: 11    Str: 12    XL:     5   Next: 34%
Magic:  6/6        EV: 10    Int: 13    God:    Okawaru [......]
Gold:   155        SH:  0    Dex: 14    Spells: 5/6 levels left

rFire   . . .        Y - +1 sling
rCold   . . .        (no shield)
rNeg    + + .        d - +0 ring mail
rPois   inf          (no helmet)
rElec   +            (no cloak)
rCorr   .            e - +1 pair of gloves
SInv    .            (no boots)
Will    .....        (no amulet)
Stlth   +            j - ring of positive energy
HPRegen 0.25/turn    (no ring)
MPRegen 0.10/turn

%: no passive effects
@: no status effects
A: sickness immunity, AC +4, negative energy resistance 1, electricity
resistance, torment resistance 1, petrification resistance
a: Renounce Religion


You were on level 4 of the Dungeon.
You worshipped Okawaru.
Okawaru was noncommittal.
You visited 1 branch of the dungeon, and saw 4 of its levels.

You collected 155 gold pieces.


Innate Abilities, Weirdness & Mutations

You are immune to sickness and miasma.
Your stone body is resilient. (AC +4)
You are immune to poison.
You resist negative energy. (rN+)
You are resistant to electric shocks. (rElec)
You are resistant to unholy torment.
You are immune to petrification.


   Skills:
 - Level 2.0 Fighting
 + Level 4.8 Ranged Weapons
 - Level 1.4 Armour
 - Level 1.5 Dodging
 - Level 1.0 Spellcasting
 - Level 2.6 Hexes


You had 5 spell levels left.
You knew the following spells:

 Your Spells              Type           Power      Damage    Failure   Level
a - Slow                  Hex            28%        N/A       21%         1

Your spell library contained the following spells:

 Spells                   Type           Power      Damage    Failure   Level
 Inner Flame              Hex/Fire       4%         N/A       71%         3
 Portal Projectile        Hex/Tloc       8%         N/A       71%         3
 Cause Fear               Hex            3%         N/A       90%         4

Inventory:

Hand Weapons
 Y - a +1 sling (weapon)
Armour
 d - a +0 ring mail (worn)
 e - a +1 pair of gloves (worn)
Jewellery
 j - a ring of positive energy (left hand)
Scrolls
 h - a scroll of identify
Potions
 b - a potion of brilliance {unknown}
 c - a potion of might
 f - 2 potions of curing
 i - 2 potions of resistance

Dungeon Overview and Level Annotations

Branches:
Dungeon (4/15)
 Temple: D:4-7

Altars:
Okawaru


Message History

The gnoll hits you but does no damage.
You shoot a sling bullet. The sling bullet hits the gnoll.
The gnoll is almost dead.
The gnoll closely misses you. The gnoll hits you but does no damage.
The gnoll hits you with a +0 whip. The gnoll hits you but does no damage.
You shoot a sling bullet.
The sling bullet barely misses the gnoll.
The gnoll hits you but does no damage. The gnoll hits you with a +0 whip.
You shoot a sling bullet.
The sling bullet hits the gnoll but does no damage.
The gnoll is almost dead.
The gnoll barely misses you. The gnoll hits you with a +0 whip.
You shoot a sling bullet. The sling bullet hits the gnoll.
You kill the gnoll!
Okawaru accepts your kill. The gnoll hits you but does no damage.
The gnoll hits you with a +0 whip.
The hobgoblin hits you but does no damage.
You shoot a sling bullet. The sling bullet hits the gnoll.
The gnoll is lightly wounded.
The gnoll misses you. The gnoll hits you but does no damage.
The hobgoblin hits you.
You shoot a sling bullet.
The sling bullet completely misses the gnoll.
The gnoll barely misses you. The gnoll misses you.
The hobgoblin hits you but does no damage.
You shoot a sling bullet.
The sling bullet closely misses the gnoll.
The gnoll hits you with a +0 whip. The gnoll hits you with a +0 halberd.
The hobgoblin hits you but does no damage.
You shoot a sling bullet.
The sling bullet hits the gnoll but does no damage.
The gnoll is lightly wounded.
The gnoll closely misses you. The gnoll barely misses you.
The hobgoblin barely misses you. The gnoll hits you with a +0 halberd!
The gnoll barely misses you. The hobgoblin barely misses you.
You shoot a sling bullet. The sling bullet hits the gnoll.
The gnoll is severely wounded.
The gnoll closely misses you. The gnoll hits you with a +0 halberd.
The hobgoblin hits you.
You die...

###.## .. .....# .#
###.## .# #.##### .#
###.....######## .#
#>...........#.. )######
#.#.###.####.#%##g......
#.#.###.# #.#..@g......
..#.....####.#..#g#####.
###.............#.# #
####..####..)...# #..#
###%....... #..#
###~#.#### #..# ##.#~#.#
#..####..#~#.#
####........#~# #


You could see 2 gnolls and a hobgoblin.

Vanquished Creatures
  A gnoll (D:4)
  4 adders
  3 worms (D:3)
  5 dart slugs
  6 orcs
  7 endoplasms
  4 giant cockroaches
  6 hobgoblins
  6 jackals
  4 kobolds
  2 quokkas
  4 ball pythons
  8 bats
  2 frilled lizards
  11 goblins
  2 rats (D:1)
75 creatures vanquished.

Notes
Turn   | Place    | Note
-------+----------+-------------------------------------------
     0 | D:1      | qw the Gargoyle Hexslinger began the quest for the Orb.
     0 | D:1      | Reached XP level 1. HP: 12/12 MP: 2/2
     0 | D:1      | 0 ||| qw: Version: 0.3-a-51-g015441d
     0 | D:1      | 0 ||| qw: Game counter: 4452
     0 | D:1      | 0 ||| qw: Melee chars always use a shield: true
     0 | D:1      | 0 ||| qw: God list: Okawaru
     0 | D:1      | 0 ||| qw: Allow faded altars: false
     0 | D:1      | 0 ||| qw: Do Orc after clearing Dungeon:15 true
     0 | D:1      | 0 ||| qw: Do second Lair branch before Depths: true
     0 | D:1      | 0 ||| qw: Lair rune preference: random
     0 | D:1      | 0 ||| qw: Goals: Normal
     0 | D:1      | 0 ||| PLANNING D:1-11
   134 | D:1      | Reached XP level 2. HP: 16/16 MP: 3/3
   144 | D:1      | 144 ||| FLEEEEING.
   145 | D:1      | 145 ||| FLEEEEING.
   146 | D:1      | 146 ||| FLEEEEING.
   147 | D:1      | 147 ||| FLEEEEING.
   148 | D:1      | 148 ||| FLEEEEING.
   149 | D:1      | 149 ||| FLEEEEING.
   151 | D:1      | Reached skill level 3 in Ranged Weapons
   306 | D:1      | Reached XP level 3. HP: 21/21 MP: 4/4
   576 | D:1      | 576 ||| UPGRADING to +0 ring mail.
   586 | D:1      | 586 ||| DROPPING +0 robe.
   587 | D:1      | 587 ||| UPGRADING to +0 pair of gloves.
   592 | D:1      | 592 ||| READING 2 scrolls labelled CEOF SEUJUIX.
   593 | D:1      | 593 ||| READING scroll labelled MEEMOM BONESSAXT.
   594 | D:1      | 594 ||| READING 2 scrolls labelled ETSUYZX PIMEER.
   595 | D:1      | 595 ||| DROPPING scroll of blinking.
   596 | D:1      | 596 ||| DROPPING scroll of poison.
   704 | D:2      | Reached skill level 1 in Armour
   704 | D:2      | Reached XP level 4. HP: 25/26 MP: 5/5
   791 | D:2      | 791 ||| FLEEEEING.
  1051 | D:2      | 1051 ||| READING scroll labelled SOAXZE UGARUMI.
  1124 | D:3      | Found an iron altar of Okawaru.
  1125 | D:3      | 1125 ||| PLANNING OKAWARU WORSHIP
  1129 | D:3      | Became a worshipper of Warmaster Okawaru
  1130 | D:3      | 1130 ||| PLANNING D:1-11
  1214 | D:3      | Reached skill level 4 in Ranged Weapons
  1524 | D:3      | 1524 ||| READING scroll of enchant armour.
  1524 | D:3      | 1524 ||| ENCHANTING +0 pair of gloves.
  1782 | D:3      | Reached XP level 5. HP: 29/30 MP: 6/6
  1806 | D:3      | 1806 ||| UPGRADING to ring of positive energy.
  1807 | D:3      | 1807 ||| READING scroll labelled UWKOOD DECYCK.
  1810 | D:3      | 1810 ||| READING scroll labelled MUIKOECZEI.
  1811 | D:3      | 1811 ||| DRINKING 2 fuming amethyst potions.
  1812 | D:3      | 1812 ||| DRINKING 2 sedimented sapphire potions.
  1813 | D:3      | 1813 ||| DRINKING 2 viscous puce potions.
  1839 | D:4      | 1839 ||| PLANNING SEWER
  1968 | D:4      | HP: 1/30 [gnoll/+0 halberd (9)]
  1969 | D:4      | Slain by a hobgoblin

Levels and vault maps discovered:
D:1:      dpeg_arrival_refuge, layout_rooms
D:2:      layout_rooms
D:3:      layout_basic, mainiacjoe_overflow_six_doors_small
D:4:      layout_loops_ring, portal_sewer_entry_d, kennysheep_flooded_box,
          nicolae_shop_gadgets

Skill      XL: |  1  2  3  4 |
---------------+-------------+-----
Ranged Weapons | 3 4 |  4.8
Fighting       | 2 |  2.0
Armour         | 1 |  1.4
Dodging        | |  1.5
Spellcasting   | |  1.0
Hexes          | |  2.6

Action                     |  1- 3 |  4- 6 || total
---------------------------+-------+-------++-------
   Fire: Sling             |   121 |   179 ||   300
    Use: Scroll            |     3 |     4 ||     7
         Potion            |       |     3 ||     3
 Armour: Robe              |    11 |       ||    11
         Ring mail         |     2 |    60 ||    62
  Dodge: Dodged            |    50 |    63 ||   113

Table legend:
 A = Non-vault XP
 B = Vault XP
 C = Vault XP percentage of total XP
 D = Non-vault monster count
 E = Vault monster count
 F = Vault count percentage of total count
                 A         B        C        D         E       F
            +---------+---------+-------+---------+---------+-------
      Total |     204 |      14 |   6.4 |      74 |       1 |   1.3
            +---------+---------+-------+---------+---------+-------
        D:1 |      60 |       0 |   0.0 |      31 |       0 |   0.0
        D:2 |      53 |       0 |   0.0 |      21 |       0 |   0.0
        D:3 |      63 |       0 |   0.0 |      16 |       0 |   0.0
        D:4 |      28 |      14 |  33.3 |       6 |       1 |  14.3
            +---------+---------+-------+---------+---------+-------
